 Dungeon Crawl Stone Soup version 0.27.1-33-g824d729ab1 (webtiles) character file.

Game seed: 2817175886945249063

10483 lordive the Basher (level 11, -1/106 HPs)
             Began as a Gargoyle Monk on Dec 27, 2021.
             Was a High Priest of Okawaru.
             Slain by a freezing wraith (4 damage)
             ... in an ice cave.
             The game lasted 00:22:14 (8682 turns).

lordive the Basher (Gargoyle Monk)                  Turns: 8682, Time: 00:22:15

Health: -1/106     AC: 24    Str: 26    XL:     11   Next: 62%
Magic:  7/14       EV: 16    Int: 15    God:    Okawaru [*****.]
Gold:   613        SH: 12    Dex: 16    Spells: 10/10 levels left

rFire    . . .     SeeInvis +   n - +9 whip of Yhore {venom, Int+4 SInv Stlth+}
rCold    + . .     Faith    .   K - +0 kite shield
rNeg     + + +     Spirit   .   H - +2 ring mail "Wozaof" {-Tele rN++ Str+2 Dex+4}
rPois    ∞         Reflect  .   O - +0 helmet
rElec    +         Harm     .   S - +2 cloak
rCorr    .         Rampage  .   (no gloves)
Will     .....     NoTele   +   L - +0 pair of boots
Stlth    ..........             c - amulet of regeneration
HPRegen  1.27/turn              y - ring of protection from cold
MPRegen  0.14/turn              Q - +6 ring of strength

@: berserking, heroic, very quick
A: sickness immunity, AC +8, negative energy resistance 1, electricity
resistance, torment resistance 1, petrification resistance
a: Renounce Religion, Heroism, Finesse


You were in an ice cave.
You worshipped Okawaru.
Okawaru was extremely pleased with you.
You visited 3 branches of the dungeon, and saw 13 of its levels.
You also visited: Ice Cave.

You collected 613 gold pieces.

Inventory:

Hand Weapons
 n - the +9 whip of Yhore (weapon) {venom, Int+4 SInv Stlth+}
   (You found it on level 5 of the Dungeon)

   It poisons the flesh of those it strikes.
   Int:       It affects your intelligence (+4).
   SInv:      It lets you see invisible.
   Stlth:     It makes you more stealthy.
 z - a +1 flail of holy wrath
 C - a +4 mace
 T - a +3 vorpal great mace
Armour
 d - a +3 leather armour
 H - the +2 ring mail "Wozaof" (worn) {-Tele rN++ Str+2 Dex+4}
   (You found it on level 7 of the Dungeon)

   Str:       It affects your strength (+2).
   Dex:       It affects your dexterity (+4).
   rN:        It greatly protects you from negative energy.
   -Tele:     It prevents most forms of teleportation.
 K - a +0 kite shield (worn)
 L - a +0 pair of boots (worn)
 O - a +0 helmet (worn)
 P - a +2 tower shield
 S - a +2 cloak (worn)
Jewellery
 c - an amulet of regeneration (around neck)
 i - a ring of flight
 y - a ring of protection from cold (left hand)
 F - a ring of see invisible
 N - a ring of willpower
 Q - a +6 ring of strength (right hand)
 R - the ring of Xasaf {rPois rF+ Str+6 Dex+2 Slay-5}
   (You found it on level 10 of the Dungeon)

   [ring of strength]

   Str:       It affects your strength (+6).
   Dex:       It affects your dexterity (+2).
   Slay:      It affects your accuracy & damage with ranged weapons and melee
   (-5).
   rF:        It protects you from fire.
   rPois:     It protects you from poison.
Wands
 p - a wand of digging (7)
 t - a wand of flame (13)
 v - a wand of paralysis (9)
 x - a wand of polymorph (8)
 A - a wand of mindburst (24)
 E - a wand of iceblast (8)
 M - a wand of acid (16)
Scrolls
 b - 2 scrolls of enchant weapon {unknown}
 e - a scroll of magic mapping {unknown}
 f - 2 scrolls of fog {unknown}
 g - a scroll of immolation {unknown}
 h - 2 scrolls of amnesia {unknown}
 l - a scroll of noise {unknown}
 o - 3 scrolls of vulnerability {unknown}
 r - 2 scrolls of summoning {unknown}
 D - 4 scrolls of blinking {unknown}
 G - 4 scrolls of teleportation {unknown}
 I - a scroll of torment {unknown}
 J - 2 scrolls of fear {unknown}
Potions
 a - 6 potions of curing
 j - a potion of berserk rage
 k - a potion of flight
 m - 4 potions of haste
 q - 2 potions of attraction
 s - 3 potions of lignification
 u - 3 potions of cancellation
 w - a potion of resistance
 B - 3 potions of ambrosia


   Skills:
 + Level 9.5(14.5) Fighting
 + Level 12.0(17.0) Maces & Flails
 + Level 6.1(11.1) Armour
 + Level 6.3(11.3) Dodging
 - Level 2.1(7.1) Stealth
 + Level 3.5(8.5) Shields
 * Level 5.3 Invocations


You had 10 spell levels left.
You didn't know any spells.
Your spell library contained the following spells:

 Spells                   Type           Power      Damage    Failure   Level
 Foxfire                  Conj/Fire      0%         2x1d4     65%         1
 Magic Dart               Conj           0%         1d3       65%         1
 Sandblast                Erth           0%         2d4       65%         1
 Ensorcelled Hibernation  Hex/Ice        0%         N/A       78%         2
 Passwall                 Tmut/Erth      0%         N/A       78%         2
 Searing Ray              Conj           0%         3d3       78%         2
 Conjure Flame            Conj/Fire      0%         6-21      95%         3
 Inner Flame              Hex/Fire       0%         N/A       95%         3
 Spider Form              Tmut/Pois      0%         N/A       95%         3
 Stone Arrow              Conj/Erth      0%         3d7       95%         3
 Fulminant Prism          Conj/Hex       0%         3d6       100%        4
 Passage of Golubria      Tloc           N/A        N/A       100%        4
 Bolt of Magma            Conj/Fire/Erth 0%         4d4       100%        5
 Lee's Rapid Deconstruct  Erth           0%         3d5*      100%        5
 Silence                  Hex/Air        0%         N/A       100%        5
 Shadow Creatures         Summ           N/A        N/A       100%        6
 Lehudib's Crystal Spear  Conj/Erth      0%         10d2      100%        8
 Shatter                  Erth           0%         3d5*      100%        9


Dungeon Overview and Level Annotations

Branches:
Dungeon (10/15)            Temple (1/1) D:4            Lair (2/6) D:10
    Orc (0/2) D:10          IceCv (1/1)
  Swamp: Lair:2-4    Shoals: Lair:2-4     Snake: Lair:2-4    Spider: Lair:2-4

Altars:
Ashenzari
Cheibriados
Dithmenos
Elyvilon
Fedhas
Gozag
Hepliaklqana
Kikubaaqudgha
Makhleb
Nemelex Xobeh
Okawaru
Qazlal
Ru
Sif Muna
Trog
Uskayaw
Vehumet
Wu Jian
Xom
Yredelemnul
Zin
The Shining One
Beogh

Shops:
D:4 ?   D:6 =[!?   D:10 [==((

Portals:
Trove: D:10 (give +2 storm dragon scales)


Innate Abilities, Weirdness & Mutations

You are immune to sickness and miasma.
Your stone body is resilient. (AC +8)
You are immune to poison.
You resist negative energy. (rN+)
You are resistant to electric shocks. (rElec)
You are resistant to unholy torment.
You are immune to petrification.


Message History

The freezing wraith completely misses you.
The cane toad simulacrum hits you but does no damage.
You block the dire elephant simulacrum's attack.
The dire elephant simulacrum trunk-slaps you but does no damage.
You closely miss the freezing wraith. You hit the dire elephant simulacrum.
The dire elephant simulacrum is severely damaged.
You block the polar bear simulacrum's attack.
The polar bear simulacrum barely misses you.
The polar bear simulacrum claws you.
* * * LOW HITPOINT WARNING * * *
The polar bear simulacrum freezes you! You resist.
* * * LOW HITPOINT WARNING * * *
The freezing wraith hits you but does no damage.
The freezing wraith misses you.
A red film seems to cover your vision as you go berserk!
Your finesse ends abruptly.
You feel yourself moving faster!
You feel mighty!
You block the cane toad simulacrum's attack.
You block the dire elephant simulacrum's attack.
The dire elephant simulacrum closely misses you.
The freezing wraith hits you!
* * * LOW HITPOINT WARNING * * *
The freezing wraith freezes you. You resist.
* * * LOW HITPOINT WARNING * * *
The freezing wraith barely misses you.
You whack the dire elephant simulacrum!
The dire elephant simulacrum vaporises!
Okawaru accepts your kill.
You block the cane toad simulacrum's attack.
The polar bear simulacrum barely misses you.
The polar bear simulacrum closely misses you.
The polar bear simulacrum claws you but does no damage.
You thrash the freezing wraith!!
The freezing wraith is heavily damaged.
You whack the freezing wraith!
The freezing wraith is severely damaged.
The freezing wraith hits you.
* * * LOW HITPOINT WARNING * * *
The freezing wraith freezes you. You resist.
You die...

####
##...####
........##
.........##
.........○##
(..8....ZW@#
.$.......ZZ#
©[$....∩.Z.#
./.........#
$..8.......#
..........##
.........##
........##
##...####


You could see a freezing wraith, an elephant simulacrum, a cane toad simulacrum
and 2 polar bear simulacra.

Vanquished Creatures
  A hydra (Lair:1)
  Erica (D:9)
  An ugly thing (D:10)
  A centaur zombie (D:7)
  Maurice (D:10)
  A black mamba (Lair:2)
  A cane toad (Lair:1)
  Psyche (D:8)
  Prince Ribbit (D:7)
  6 trolls
  Grinder (D:4)
  4 blink frogs (Lair:2)
  5 yaks (D:10)
  A dire elephant simulacrum (IceCv)
  A wraith (D:10)
  An acid dragon (D:8)
  A water moccasin (D:8)
  Duvessa (D:5)
  4 orc warriors (D:10)
  2 ice beasts
  A sky beast (D:6)
  2 necrophages
  3 centaurs
  An ogre (D:7)
  2 phantoms
  Blork the orc (D:5)
  3 bullfrogs
  3 kobold brigands
  2 scorpions (D:5)
  A gnoll sergeant (D:3)
  Dowan (D:5)
  8 wights (D:8)
  A howler monkey (D:5)
  A bullfrog zombie (D:6)
  2 hounds
  3 orc priests
  2 jellies
  2 centaur skeletons
  2 iguanas
  12 orc wizards
  A killer bee zombie (D:8)
  A hound zombie (D:5)
  9 adders
  9 gnolls
  2 shadow imps
  14 white imps
  An ufetubus (D:6)
  A worm (D:3)
  2 dart slugs
  37 orcs
  7 ball pythons
  10 endoplasms
  4 giant cockroaches
  11 hobgoblins
  8 jackals
  18 kobolds
  5 quokkas
  16 bats
  6 frilled lizards
  5 goblins
  5 rats
261 creatures vanquished.

Vanquished Creatures (others)
  4 plants (Lair:2)
4 creatures vanquished.

Grand Total: 265 creatures vanquished

Notes
Turn   | Place    | Note
-------+----------+-------------------------------------------
     0 | D:1      | lordive the Gargoyle Monk began the quest for the Orb.
     0 | D:1      | Reached XP level 1. HP: 14/14 MP: 1/1
   279 | D:1      | Reached XP level 2. HP: 19/19 MP: 2/2
   492 | D:1      | Reached XP level 3. HP: 16/23 MP: 3/3
   630 | D:1      | Found a faded altar of an unknown god.
   965 | D:2      | Reached skill level 4 in Maces & Flails
  1055 | D:2      | Reached XP level 4. HP: 29/29 MP: 4/4
  1466 | D:2      | Reached skill level 1 in Armour
  1466 | D:2      | Reached XP level 5. HP: 33/33 MP: 5/5
  1732 | D:3      | You fall into a shaft and drop 2 floors!
  1732 | D:5      | Entered Level 5 of the Dungeon
  1795 | D:5      | Identified the +9 whip of Yhore {venom, Int+4 SInv Stlth+}
  1860 | D:5      | Reached skill level 5 in Maces & Flails
  1889 | D:5      | Reached XP level 6. HP: 28/38 MP: 6/6
  1951 | D:4      | Found a staircase to the Ecumenical Temple.
  2000 | Temple   | Entered the Ecumenical Temple
  2376 | D:3      | Reached XP level 7. HP: 32/44 MP: 7/7
  2737 | D:4      | Noticed Grinder
  2745 | D:4      | Paralysed by Grinder for 4 turns
  2751 | D:4      | Killed Grinder
  2752 | D:4      | Reached skill level 6 in Maces & Flails
  2804 | D:4      | You fall into a shaft and drop 2 floors!
  2804 | D:6      | Found Odduror's Distillery.
  2818 | D:6      | Reached skill level 5 in Fighting
  2873 | D:6      | Reached XP level 8. HP: 49/49 MP: 8/8
  2882 | D:6      | Reached skill level 7 in Maces & Flails
  2925 | D:6      | Found a basalt altar of Yredelemnul.
  3187 | D:5      | Noticed Duvessa
  3187 | D:5      | Noticed Dowan
  3200 | D:5      | Killed Duvessa
  3203 | D:5      | Killed Dowan
  3306 | D:5      | Found a bloodstained altar of Trog.
  3306 | D:5      | Noticed Blork the orc
  3318 | D:5      | Killed Blork the orc
  3597 | D:4      | Reached skill level 8 in Maces & Flails
  3804 | D:4      | Found Xoenasch's Magic Scroll Shoppe.
  3963 | D:6      | Reached XP level 9. HP: 51/55 MP: 9/9
  4072 | D:6      | Identified the +0 leather armour of the Evil One {rElec
                  | rPois Dex-5 SInv}
  4339 | D:6      | Found Foypp's Armour Shoppe.
  4528 | D:6      | Found Zenol's Jewellery Emporium.
  4573 | D:6      | Found an opulent altar of Gozag.
  4573 | D:6      | Found a broken altar of Ashenzari.
  4575 | D:6      | Found a shimmering altar of Xom.
  4638 | D:6      | Found Pudati's Magic Scroll Boutique.
  4824 | D:7      | Identified the +2 ring mail "Wozaof" {-Tele rN++ Str+2
                  | Dex+4}
  4979 | D:7      | Reached skill level 9 in Maces & Flails
  4979 | D:7      | Reached skill level 5 in Dodging
  5267 | D:7      | Noticed Prince Ribbit
  5554 | D:7      | Killed Prince Ribbit
  5576 | D:8      | Noticed Psyche
  5589 | D:8      | Killed Psyche
  5590 | D:8      | Reached skill level 10 in Maces & Flails
  5603 | D:8      | Reached XP level 10. HP: 64/64 MP: 10/10
  6008 | D:8      | Found an iron altar of Okawaru.
  6033 | D:8      | Became a worshipper of Warmaster Okawaru
  6033 | D:8      | Reached * piety under Okawaru
  6033 | D:8      | Reached ** piety under Okawaru
  6417 | D:9      | Noticed Erica
  6449 | D:9      | Killed Erica
  6450 | D:9      | Reached skill level 1 in Invocations
  6881 | D:9      | Found a burning altar of Makhleb.
  6882 | D:9      | Found a shadowy altar of Dithmenos.
  6882 | D:9      | Found a snail-covered altar of Cheibriados.
  6977 | D:9      | Found a runed translucent door.
  7131 | D:9      | Reached skill level 11 in Maces & Flails
  7343 | D:9      | Reached *** piety under Okawaru
  7438 | D:9      | Reached skill level 5 in Armour
  7562 | D:10     | Entered Level 10 of the Dungeon
  7562 | D:10     | Noticed a green ugly thing
  7562 | D:10     | Found Azikk's Jewellery Shop.
  7580 | D:10     | Killed a green ugly thing
  7595 | D:10     | Identified the ring of Xasaf {rPois rF+ Str+6 Dex+2 Slay-5}
  7599 | D:10     | Found a staircase to the Lair.
  7605 | D:10     | Found a staircase to the Orcish Mines.
  7626 | D:10     | Reached skill level 1 in Shields
  7655 | D:10     | Reached **** piety under Okawaru
  7656 | D:10     | Reached XP level 11. HP: 71/71 MP: 13/13
  7733 | D:10     | Noticed Maurice
  7738 | D:10     | Found Eniuha Enei's Armour Emporium.
  7748 | D:10     | Killed Maurice
  7823 | D:10     | Found Hueruley's Jewellery Emporium.
  7872 | D:10     | Found Ciari's Antique Weapon Shoppe.
  8182 | D:10     | Found a portal to a secret trove of treasure.
  8309 | D:10     | Found Koobryqi's Weapon Shop.
  8348 | D:10     | Reached ***** piety under Okawaru
  8399 | Lair:1   | Entered Level 1 of the Lair of Beasts
  8423 | Lair:1   | Noticed a seven-headed hydra
  8435 | Lair:1   | Killed a seven-headed hydra
  8435 | Lair:1   | Received a gift from Okawaru
  8474 | Lair:1   | You fall into a shaft and drop 1 floor!
  8528 | Lair:2   | Reached skill level 12 in Maces & Flails
  8528 | Lair:2   | Reached skill level 5 in Invocations
  8607 | Lair:1   | Found a frozen archway.
  8662 | IceCv    | Entered an ice cave
  8682 | IceCv    | HP: 3/106 [freezing wraith (5)]
  8682 | IceCv    | Slain by a freezing wraith

Illustrated notes

Levels and vault maps discovered:
D:1:      dpeg_arrival_round_b, layout_loops_ring,
          shapermc_ecumenical_altar_mp_ritualfount, minmay_three_crescents
D:2:      minmay_angry_zag, layout_loops_cross, cheibrodos_gnoll_hut
D:3:      layout_rooms
D:4:      layout_rooms, minmay_temple_entry_tees, serial_shops,
          nicolae_lakefront_shop, uniq_grinder
D:5:      layout_loops_ring, lightli_temple_of_fire, chequers_avenue,
          uniq_duvessa, uniq_blork_the_orc
D:6:      minmay_flawed_box, layout_basic, yredelemnul_altar_generic,
          nicolae_overflow_hidden_temple, serial_shops, nicolae_square_shop,
          shop_statue, kennysheep_mini_moat, nicolae_take_the_stairs
D:7:      layout_loops_ring, uniq_prince_ribbit1
D:8:      layout_loops_ring, kennysheep_mini, uniq_psyche
D:9:      layout_long_grid, gammafunk_temple_overflow_claw,
          lightli_church_of_beogh, uniq_erica
D:10:     layout_long_grid, lair_entry_dummy, david_orc_2,
          nicolae_trove_entry_crystal, serial_shops, nicolae_shop_stone, shop,
          nicolae_shop_waterfront, shop, shop, uniq_maurice
Temple:   oiseaux_autumnal_temple
Lair:1:   layout_loops_ring, portal_ice_cave_entry_imps,
          chequers_serial_rivers_micro_e, grunt_megastairs_1,
          infiniplex_staircase_pool_2, serial_bayou_shore_b
Lair:2:   layout_long_grid, nicolae_swamp_entry_splash_gauntlet,
          chequers_serial_rivers_micro_a, uniq_nergalle
IceCv:    ice_cave_statue_garden_transporter

Skill      XL: |  1  2  3  4  5  6  7  8  9 10 11 |
---------------+----------------------------------+-----
Maces & Flails | 4 5 6 8 10 11 12 | 12.0
Dodging        | 3 4 5 6 |  6.3
Armour         | 1 2 3 4 5 6 |  6.1
Fighting       | 4 5 6 7 9 |  9.5
Invocations    | 3 5 |  5.3
Shields        | 1 3 |  3.5
Stealth        | |  2.1

Action                   |  1- 3 |  4- 6 |  7- 9 | 10-12 || total
-------------------------+-------+-------+-------+-------++-------
Melee: Mace              |   110 |   115 |       |       ||   225
       Whip              |       |    66 |   263 |   366 ||   695
Invok: Heroism           |       |       |       |     2 ||     2
       Finesse           |       |       |       |     1 ||     1
  Use: Scroll            |       |       |     6 |     4 ||    10
       Potion            |       |       |       |     1 ||     1
 Stab: Sleeping          |     1 |     3 |     8 |     1 ||    13
Armor: Leather armour    |    48 |    77 |    65 |    15 ||   205
       Skin              |       |       |     2 |     2 ||     4
       Ring mail         |       |       |       |   108 ||   108
Dodge: Dodged            |    83 |   147 |   120 |   138 ||   488
Block: Kite shield       |       |       |       |   108 ||   108
